 Dungeon Crawl Stone Soup version 0.31.0-12-g77e489cdc1 (webtiles) character file.

Game seed: 7831847500722121970

730 spaghetti the Cudgeller (level 7, -5/55 HPs)
             Began as a Mummy Berserker on Feb 15, 2024.
             Was a Priest of Trog.
             Splashed by a jelly's acid (9 damage)
             ... on level 5 of the Dungeon.
             The game lasted 00:05:25 (4107 turns).

spaghetti the Cudgeller (Mummy Berserker)           Turns: 4107, Time: 00:05:26

Health: -5/55      AC: -4    Str: 23    XL:     7   Next: 44%
Magic:  7/7        EV:  9    Int:  6    God:    Trog [***...]
Gold:   183        SH:  0    Dex: 11    Spells: 6/6 levels left

rFire   x . .        a - +0 mace
rCold   + . .        (no shield)
rNeg    + + +        i - +0 chain mail
rPois   ∞            h - +0 hat
rElec   .            (no cloak)
rCorr   .            d - +1 pair of gloves
SInv    .            (no boots)
Will    +++..        (no amulet) Stlth
                     o - ring of willpower
HPRegen 1.29/turn    (no ring)
MPRegen 0.10/turn

%: faith
@: about to teleport, strong-willed, corroded, regenerating
A: cold resistance 1, negative energy resistance 3, torment resistance 2, heat
vulnerability 1, in touch with death 1, no potions, faith
a: Renounce Religion, Trog's Hand


You were on level 5 of the Dungeon.
You worshipped Trog.
Trog was most pleased with you.
You visited 1 branch of the dungeon, and saw 5 of its levels.

You collected 183 gold pieces.

Inventory:

Hand Weapons
 a - a +0 mace (weapon)
Missiles
 c - a throwing net
 g - 6 stones (quivered)
 l - 5 javelins
Armour
 b - a +0 animal skin
 d - a +1 pair of gloves (worn)
 h - a +0 hat (worn)
 i - a +0 chain mail (worn)
Jewellery
 o - a ring of willpower (left hand)
Scrolls
 e - a scroll of teleportation
 f - a scroll of revelation
 j - a scroll of identify


   Skills:
 + Level 4.4 Fighting
 * Level 4.6 Maces & Flails
 + Level 2.3 Throwing
 * Level 3.7 Armour
 + Level 2.6 Dodging


You had 6 spell levels left.
You didn't know any spells.
Your spell library was empty.

Dungeon Overview and Level Annotations

Branches:
Dungeon (5/15)
 Temple: D:4-7

Altars:
Ashenzari
Qazlal

Annotations:
D:1 1 runed translucent door
D:4 2 transporters


Innate Abilities, Weirdness & Mutations

You are immune to poison.
Your flesh is cold resistant. (rC+)
You are immune to negative energy. (rN+++)
You are immune to unholy pain and torment.
You are vulnerable to heat. (rF-)
You are in touch with the powers of death.
You do not drink.
You have a special connection with the divine. (Faith)


Message History

The jelly barely misses you.
You hit the jelly but do no damage.
Your hands burn!
The jelly is severely wounded.
The jelly closely misses you.
You hit the jelly but do no damage.
Your hands burn!
The jelly is severely wounded.
The jelly hits you.
You are splashed with acid!
The jelly closely misses you.
You are too injured to fight recklessly!
You are too injured to fight recklessly!
You are too injured to fight recklessly!
You are too injured to fight recklessly!
You are too injured to fight recklessly!
You are too injured to fight recklessly!
You are too injured to fight recklessly!
You are too injured to fight recklessly!
A jelly is nearby!
You hit the jelly.
Your hands burn!
The jelly is severely wounded.
The jelly closely misses you.
Okay, then.
Your skin crawls.
You feel strong-willed. The jelly hits you.
You are splashed with acid!
* * * LOW HITPOINT WARNING * * *
Throw: 2 throwing nets
Press: ? - help, Shift-Dir - straight line, f - jelly
Aim: a jelly (severely wounded, 89% to hit, immune to nets)
You throw a throwing net. The throwing net hits the jelly.
The jelly effortlessly oozes through the net!
The jelly is severely wounded.
The jelly hits you.
* * * LOW HITPOINT WARNING * * *
The acid corrodes you!
You are splashed with acid.
* * * LOW HITPOINT WARNING * * *
Unknown command.
As you read the scroll of teleportation, it crumbles to dust.
You feel strangely unstable. The jelly hits you.
* * * LOW HITPOINT WARNING * * *
The acid corrodes you!
You are splashed with acid!
You die...

#.# #.# #.#
#.# #.# #.#
##.#
######..#
#...@..##
#..J..##
#...).....
............#
.#..........#
#....).....#
#..........#
#..........#


You could see a jelly.

Vanquished Creatures
  2 ice beasts
  A phantom (D:4)
  2 scorpions (D:5)
  2 orc priests (D:4)
  A hound (D:4)
  Jessica (D:2)
  2 iguanas
  3 orc wizards
  3 adders
  A shadow imp (D:5)
  2 dart slugs (D:1)
  A ribbon worm (D:3)
  4 orcs
  7 ball pythons
  9 bats
  6 endoplasms (D:1)
  4 giant cockroaches
  7 goblins
  7 hobgoblins
  8 jackals
  A quokka (D:3)
  6 kobolds
  4 rats
84 creatures vanquished.

Notes
Turn   | Place    | Note
-------+----------+-------------------------------------------
     0 | D:1      | spaghetti the Mummy Berserker began the quest for the Orb.
     0 | D:1      | Reached XP level 1. HP: 18/18 MP: 1/1
     1 | D:1      | Found a runed translucent door.
     4 | D:1      | Noticed a jelly
   155 | D:1      | Reached XP level 2. HP: 24/24 MP: 2/2
   557 | D:1      | Reached XP level 3. HP: 28/29 MP: 3/3
   795 | D:1      | Reached ** piety under Trog
  1656 | D:2      | Noticed Jessica
  1664 | D:2      | Killed Jessica
  1665 | D:2      | Reached XP level 4. HP: 26/35 MP: 4/4
  1956 | D:3      | Found a stormy altar of Qazlal.
  2000 | D:3      | Reached skill level 1 in Throwing
  2258 | D:3      | Found a broken altar of Ashenzari.
  2336 | D:3      | Reached XP level 5. HP: 26/42 MP: 5/5
  2586 | D:4      | Reached *** piety under Trog
  2627 | D:4      | Noticed an ice beast
  2644 | D:4      | Killed an ice beast
  2645 | D:4      | Reached XP level 6. HP: 46/48 MP: 6/6
  2752 | D:4      | Found a transporter.
  2859 | D:4      | Found a transporter.
  3135 | D:5      | Entered Level 5 of the Dungeon
  3797 | D:5      | Reached XP level 7. HP: 45/54 MP: 7/7
  4107 | D:5      | Splashed by a jelly's acid

Illustrated notes

Levels and vault maps discovered:
D:1:      dpeg_arrival_caged_fury, layout_basic
D:2:      layout_basic, uniq_jessica
D:3:      layout_rooms, mainiacjoe_overflow_cross_hatched,
          mainiacjoe_overflow_concentric_impassable,
          shapermc_ecumenical_altar_petra, kennysheep_generic_room_11
D:4:      gammafunk_cloud_chamber, layout_basic
D:5:      layout_basic

Skill      XL: |  1  2  3  4  5  6 |
---------------+-------------------+-----
Maces & Flails | 3 4 |  4.6
Armour         | 2 3 |  3.7
Throwing       | 1 2 |  2.3
Dodging        | 2 |  2.6
Fighting       | 4 |  4.4

Action                     |  1- 3 |  4- 6 |  7- 9 || total
---------------------------+-------+-------+-------++-------
  Melee: Mace              |   124 |   217 |    78 ||   419
         Punch             |       |     1 |     1 ||     2
  Throw: Stone             |       |     5 |       ||     5
         Javelin           |       |     4 |       ||     4
         Throwing net      |       |       |     1 ||     1
 Invoke: Trog's Hand       |       |     2 |     3 ||     5
    Use: Scroll            |     3 |     8 |     2 ||    13
 Armour: Animal skin       |   103 |    20 |       ||   123
         Chain mail        |       |   210 |    90 ||   300
  Dodge: Dodged            |    97 |   126 |    53 ||   276
